y, chaotic male human Monk --- --- -..-- ---.-- |....---- |....---- -....--.------ 0 ----....`..| --- ---..........| #.------- ## |..........-- ---.-- ----------------...-...--.--- --..--..--- ..--........[[)-- |....| --.......................|...| --%........---..............<| ---....| |....--------------......--..--------................-...........| |*...--- --.--- -----------.--...)..............|....[................-- ---.--.| --- ------.--...|..|...--.------------------.......---........-- |....|%| --.--...........|--.--...-- |...........%...... ---.)))..--- |...............---...--..-- --.--.-----.g@... |..........| |..|.......................--- ---- ------ ----...-- |.---.-....| -----........................------..-- --....-.----- |.| |......| |-......---...............--.|....|---- -----..)| |.....---.---.--..-- |......- |..--..................--|..---.2...[.-----%.)........||.-- |.....- ----..................| |...............--..----.-..-||. |...-- |..........---....-- ---................-- |......| --.-- |.........-- ---.-- --..........|..>.| |......| --- --.---.-- --- |..--..|..---.--- ----.--- --- --- ----------- --- --- y the Student of Stones Experience level: 11 Strength: 17 Dexterity: 18 Constitution: 17 Intelligence: 11 Wisdom: 15 Charisma: 9 Health: 0(78) Energy: 65(65) AC: 1 Gold: 704 Moves: 11893 Your Inventory: Coins $ - 704 gold pieces Weapons g - 22 [uncursed +0] daggers Armor a - an uncursed +2 pair of leather gloves (being worn) w - an [uncursed] +0 pair of jumping boots (being worn) y - a [blessed] +0 cloak of protection (being worn) B - an [uncursed] +0 cloak of displacement M - an [uncursed] thoroughly rusty +2 orcish helm (being worn) Comestibles f - 2 uncursed food rations i - 2 uncursed fortune cookies Q - an [uncursed] melon R - an [uncursed] orange T - an [uncursed] fortune cookie U - an [uncursed] slime mold Scrolls A - an [uncursed] scroll of teleportation Wands c - an [uncursed] porcelain wand [of slow monster (0:6)] p - an [uncursed] wand of light [0:12] t - an [uncursed] wand of light [0:11] z - an [uncursed] short wand [of nothing (0:7)] C - a [cursed] wand of magic missile [0:0] D - an [uncursed] wand of magic missile [0:4] L - an [uncursed] oak wand [of cold (0:8)] O - a [cursed] wand of teleportation [0:1] Tools b - a [cursed] can of grease [0:19] j - an [uncursed] magic whistle k - an [uncursed oil] lamp (0:24) l - an [uncursed] key [skeleton key] o - an [uncursed] stethoscope r - an [uncursed] tin opener x - an [uncursed] blindfold E - an [uncursed] bag [sack] G - an [uncursed oil] lamp J - an [uncursed +0] unicorn horn N - an [uncursed] lock pick S - an [uncursed] bag [sack] Contents of the sack: 4545 gold pieces a [cursed] scroll of teleportation 2 uncursed potions of healing a [blessed] potion of healing Spells known in the end: Name Level Category Fail Memory a - sleep 1 enchantment 58% [||||....] b - knock 1 matter 58% [||||||||] c - detect monsters 1 divination 58% [||||||||] Your skills at the end: Fighting Skills martial arts [Expert / Grand Master] Weapon Skills Spellcasting Skills healing spells [Basic / Expert] enchantment spells [Basic / Basic] Final Attributes: You were piously aligned. Hunger level was 438. Your alignment was 69 / 69. Monster difficulty range was 2 - 11. Level difficulty was 12. You were immune to fire. You were immune to sleep. You were immune to poison. You saw invisible. You were warned. You had automatic searching. You were stealthy. You could jump. You were fast. Your luck was zero. You are dead. Vanquished creatures: Aphrodite a ghost a giant mimic a large mimic an earth elemental 11 small mimics 2 xans 2 giant turtles a large dog 3 shocking spheres a tiger a tengu an energy vortex a carnivorous ape 3 ettin zombies a succubus an incubus a chameleon a crocodile 2 giant beetles a quivering blob 2 wolves a winter wolf cub 12 leprechauns an orc-captain 2 iron piercers 2 mumakil a giant spider a black light a forest centaur 3 gnome kings a dwarf mummy a rust monster 2 owlbears a yeti a gold golem a werewolf 2 lizards a chickatrice 2 housecats 3 dwarf lords a blue jelly a white unicorn 2 dust vortices 2 ravens a gnome mummy a snake 4 apes 3 human zombies 4 soldier ants a snow ant 8 bugbears a quasit 4 wood nymphs 11 water nymphs a mountain nymph 4 Mordor orcs 4 Uruk-hai 2 orc shamans 2 rock piercers 3 rock moles 2 ponies a fog cloud 3 yellow lights a violet fungus 11 gnome lords 5 gnomish wizards a kobold mummy a black naga hatchling a golden naga hatchling a barrow wight an elf zombie 2 ghouls a straw golem a wax golem 2 baby crocodiles 3 giant ants a little dog a floating eye 2 kittens 18 dwarves 3 homunculi 3 kobold lords 3 kobold shamans a hill orc 4 rothes 2 rabid rats a centipede 3 giant bats 2 monkeys 4 orc zombies 2 dwarf zombies 4 wererats 4 muggers 4 iguanas 2 killer bees 2 acid blobs a gas spore 5 hobbits a large kobold 9 hobgoblins a brown mold 2 yellow molds 2 green molds 82 gnomes 2 gnome zombies 2 geckos 7 jackals 3 foxes 4 kobolds 3 goblins 6 sewer rats 8 grid bugs 2 lichens 2 newts 384 creatures vanquished. Voluntary challenges: You were an atheist. You were vegetarian. You never hit with a wielded weapon. You read items or engraved 5 times. You put on armor 16 times. You never genocided any monsters. You never polymorphed an object. You changed form 1 time. You used no wishes. You never wrote Elbereth's name. You encountered 1 bones level. You never used any Sokoban shortcuts. Dungeon overview: The Dungeons of Doom: levels 1 to 12 Level 1 a fountain a long staircase Level 2 a scroll shop, an altar, a fountain Level 3 a fountain Level 4 a general store stairs to The Gnomish Mines Level 5 many fountains Level 6 stairs to Sokoban Level 7 a fountain Level 8 a scroll shop, a fountain stairs to Town Level 9 an armor shop, some fountains Level 10 a fountain, a throne Level 11 some fountains The Gnomish Mines: levels 5 to 13 Level 5 stairs to The Dungeons of Doom Level 8 many shops, a temple, a magic chest, some fountains Level 12 <- You were here Sokoban: levels 4 to 5 Level 5 a magic chest stairs to The Dungeons of Doom Town: levels 5 to 7 Level 5 many shops, some fountains, a sink Level 6 many fountains, many trees Level 7 stairs to The Dungeons of Doom History has recorded: On T:1 you entered the Dungeons of Doom to retrieve the Amulet of Yendor! On T:113 you reached level 2 of The Dungeons of Doom. On T:419 you reached level 3 of The Dungeons of Doom. On T:434 you advanced to experience level 2. On T:544 you advanced to experience level 3. On T:791 you advanced to experience level 4. On T:946 you reached level 4 of The Dungeons of Doom. On T:1014 you advanced to experience level 5. On T:1272 you advanced to experience level 6. On T:1297 you reached level 5 of The Dungeons of Doom. On T:1740 you reached level 6 of The Dungeons of Doom. On T:1846 you advanced to experience level 7. On T:1960 you reached level 3 of Sokoban. On T:2393 you reached level 2 of Sokoban. On T:3114 you advanced to experience level 8. On T:3158 you reached level 7 of The Dungeons of Doom. On T:3293 you reached level 8 of The Dungeons of Doom. On T:3527 you reached level 3 of Town. On T:3611 you reached level 9 of The Dungeons of Doom. On T:3692 you reached level 10 of The Dungeons of Doom. On T:3929 you reached level 2 of Town. On T:4423 you reached level 1 of Town. On T:4498 you advanced to experience level 9. On T:5111 you killed Aphrodite on level 2 of Town. On T:5678 you reached level 11 of The Dungeons of Doom. On T:6901 you advanced to experience level 10. On T:7520 you reached level 12 of The Dungeons of Doom. On T:8198 you reached level 1 of The Gnomish Mines. On T:8501 you reached level 2 of The Gnomish Mines. On T:8541 you reached level 3 of The Gnomish Mines. On T:8978 you reached level 4 of The Gnomish Mines. On T:9725 you reached level 5 of The Gnomish Mines. On T:10147 you reached level 6 of The Gnomish Mines. On T:10234 you reached level 7 of The Gnomish Mines. On T:10247 you reached level 8 of The Gnomish Mines. On T:10380 you advanced to experience level 11. On T:10688 you reached level 9 of The Gnomish Mines. Latest messages: You kill the gecko! [HP+2=77] Hit points restored. [HP+1=78] You see here a whistle. You see here a candle. You can't go up here. You hit the winged gargoyle! (2x) The winged gargoyle hits! (2x) The winged gargoyle just misses! [HP-15=63] You hit the winged gargoyle! The winged gargoyle hits! (2x) The winged gargoyle bites! [HP-24=39] You hit the winged gargoyle! The winged gargoyle hits! (2x) The winged gargoyle bites! [HP-20=19] You hit the winged gargoyle! (2x) The winged gargoyle hits! (2x) The winged gargoyle bites! You die... Final status: Punardarsanaya y the Monk... You died in The Gnomish Mines on dungeon level 12 with 32772 points, and 5249 pieces of gold, after 11893 moves. You were level 11 with a maximum of 78 hit points when you died.